 Dungeon Crawl Stone Soup version 0.28-a0-1389-gc726bef33b (webtiles) character file.

Game seed: 7446218682673306733

72 flotson the Ducker (level 4, 0/34 HPs)
             Began as a Demonspawn Gladiator on Jan 3, 2022.
             Slain by Robin (1 damage)
             ... on level 1 of the Dungeon.
             The game lasted 00:01:59 (1873 turns).

flotson the Ducker (Demonspawn Gladiator)           Turns: 1873, Time: 00:02:00

Health: 0/34       AC:  6    Str: 17    XL:     4   Next: 7%
Magic:  4/4        EV: 11    Int:  9    God:
Gold:   53         SH:  0    Dex: 14    Spells: 3/3 levels left

rFire   . . .      SeeInvis .   a - +0 flail
rCold   . . .      Faith    .   (no shield)
rNeg    . . .      Spirit   .   i - +0 ring mail
rPois   .          Reflect  .   c - +0 helmet
rElec   .          Harm     .   (no cloak)
rCorr   .          Rampage  .   (no gloves)
Will    .....                   (no boots)
Stlth   +.........              (no amulet)
HPRegen 0.11/turn               (no ring)
MPRegen 0.18/turn               (no ring)

@: no status effects
A: magic regeneration, demonic touch 2
a: no special abilities


You were on level 1 of the Dungeon.
You visited 1 branch of the dungeon, and saw 2 of its levels.

You collected 53 gold pieces.

Inventory:

Hand Weapons
 a - a +0 flail (weapon)
Missiles
 d - 4 throwing nets (quivered)
 e - 8 boomerangs
Armour
 c - a +0 helmet (worn)
 i - a +0 ring mail (worn)
Scrolls
 b - a scroll of enchant armour {unknown}
 h - a scroll of teleportation {unknown}
Potions
 f - 2 potions of lignification {unknown}
 g - 2 potions of brilliance {unknown}


   Skills:
 + Level 2.6 Fighting
 + Level 3.1 Maces & Flails
 + Level 2.3 Throwing
 + Level 1.2 Armour
 + Level 3.1 Dodging


You had 3 spell levels left.
You didn't know any spells.
Your spell library was empty.

Dungeon Overview and Level Annotations

Branches:
Dungeon (2/15)

Altars:

Annotations:
D:1 Robin


Innate Abilities, Weirdness & Mutations

You regenerate magic rapidly.
Your touch may inflict irresistible damage on your foes.


Message History

The goblin hits you with a +0 club. The goblin barely misses you.
You barely miss the goblin. The bat closely misses you.
The bat hits you but does no damage. The goblin barely misses you.
The goblin hits you with a +0 dagger. The goblin barely misses you.
You hit Robin.
You touch Robin.
Robin is moderately wounded.
The bat hits you but does no damage. Robin hits you but does no damage.
The goblin hits you with a +0 dagger. The goblin hits you with a +0 club.
The goblin hits you with a +0 dagger.
* * * LOW HITPOINT WARNING * * *
Robin closely misses you.
You closely miss the goblin. Your touch misses the goblin.
The bat closely misses you. The goblin hits you with a +0 club.
* * * LOW HITPOINT WARNING * * *
The bat hits you but does no damage.
Robin hits you with a +1 short sword of flaming.
* * * LOW HITPOINT WARNING * * *
Robin burns you.
* * * LOW HITPOINT WARNING * * *
The goblin hits you with a +0 dagger.
* * * LOW HITPOINT WARNING * * *
You thump the goblin!
You kill the goblin!
The bat closely misses you. The bat hits you but does no damage. x2
The goblin closely misses you. Robin barely misses you.
Unknown command.
The bat barely misses you. The goblin completely misses you.
There is a stone staircase leading up here.
Things that are here:
a +0 club; a goblin corpse The bat closely misses you.
The goblin hits you with a +0 dagger.
* * * LOW HITPOINT WARNING * * *
Robin barely misses you.
You climb upwards.
There is a stone staircase leading down here.
The bat closely misses you.
Robin hits you with a +1 short sword of flaming.
* * * LOW HITPOINT WARNING * * *
Robin burns you.
You die...

####### ###.....# #.#...#.#
#..#..#.###### #...#.#......#
#####....##ggb...# ##
#.....#####.@....# ######(
##.......##......######....#.
#.#.....#.#.............#####
#..#...#..#......########
#...#.#...#......# ####
#####.....#....^.#########...
#...#.#...#......#.........'#
#..#...#..########.........#.
#.#.....#.# #.........#)


You could see Robin, a goblin (strong) and a bat.

Vanquished Creatures
  4 gnolls
  A dart slug (D:1)
  3 bats (D:1)
  2 endoplasms
  2 giant cockroaches
  2 hobgoblins (D:2)
  A quokka (D:1)
  2 ball pythons (D:2)
  2 frilled lizards (D:2)
  8 goblins
  3 kobolds (D:1)
  2 rats
32 creatures vanquished.

Notes
Turn   | Place    | Note
-------+----------+-------------------------------------------
     0 | D:1      | flotson the Demonspawn Gladiator began the quest for the
                  | Orb.
     0 | D:1      | Reached XP level 1. HP: 16/16 MP: 1/1
   203 | D:1      | You fall into a shaft and drop 1 floor!
   367 | D:1      | Gained mutation: Your touch may inflict minor irresistible
                  | damage on your foes. [demonic ancestry]
   367 | D:1      | Reached XP level 2. HP: 14/22 MP: 2/2
   624 | D:1      | Found a faded altar of an unknown god.
   969 | D:2      | Gained mutation: Your touch may inflict irresistible damage
                  | on your foes. [demonic ancestry]
   969 | D:2      | Reached XP level 3. HP: 18/28 MP: 3/3
  1224 | D:2      | Reached skill level 1 in Armour
  1659 | D:2      | Noticed Robin
  1861 | D:2      | Gained mutation: You regenerate magic rapidly. [demonic
                  | ancestry]
  1861 | D:2      | Reached XP level 4. HP: 33/34 MP: 4/4
  1873 | D:1      | HP: 1/34 [Robin (2)]
  1873 | D:1      | Slain by Robin

Illustrated notes

Levels and vault maps discovered:
D:1:      sevenhm_arrival_forest_fort_small_3, layout_rooms,
          hellmonk_ecumenical_altar_zigzags, minivault_11,
          hangedman_decor_diamond_cutter, hangedman_abyss_or_decor_stabs,
          supply_closet_lemuel, st_stairs_4
D:2:      layout_basic, uniq_robin

Skill      XL: |  1  2  3 |
---------------+----------+-----
Throwing       | 2 |  2.3
Maces & Flails | 3 |  3.1
Armour         | 1 |  1.2
Dodging        | 3 |  3.1
Fighting       | |  2.6

Action                   |  1- 3 |  4- 6 || total
-------------------------+-------+-------++-------
Melee: Flail             |    79 |     9 ||    88
       Touch             |    10 |     1 ||    11
Armor: Leather armour    |    17 |       ||    17
       Ring mail         |    32 |    12 ||    44
Dodge: Dodged            |    70 |    18 ||    88

Table legend: (Time is in decaauts)
 A = Elapsed time spent in this place.
 B = Non-inter-level travel time spent in this place.
 C = Inter-level travel time spent in this place.
 D = Time resting spent in this place.
 E = Time spent auto-exploring this place.
 F = Levels seen in this place.
 G = Mean time per level.
                   A        B        C        D        E       F      G
               +--------+--------+--------+--------+--------+-----+--------+
         Total |   1898 |   1855 |     43 |    164 |   1421 |   2 |  949.0 |
       Dungeon |   1898 |   1855 |     43 |    164 |   1421 |   2 |  949.0 |
               +--------+--------+--------+--------+--------+-----+--------+

Top non-repeatable levels by time:
     D:1: 1087 daAuts
     D:2: 811 daAuts
